 Dungeon Crawl Stone Soup version 0.23.1 (webtiles) character file.

Game seed: 4906725028626693799

156 Borgoz the Sneak (level 5, 0/41 HPs)
             Began as a Ghoul Enchanter on Mar 8, 2019.
             Slain by an iguana (10 damage)
             ... on level 3 of the Dungeon.
             The game lasted 00:06:18 (2957 turns).

Borgoz the Sneak (Ghoul Enchanter)                  Turns: 2957, Time: 00:06:19

Health: 0/41       AC:  6    Str: 12    XL:     5   Next: 37%
Magic:  0/6        EV:  9    Int: 10    God:
Gold:   142        SH:  0    Dex: 10    Spells: 4/7 levels left

rFire    . . .     SeeInvis .   a - +1 dagger
rCold    + . .     Gourm    .   (no shield)
rNeg     + + +     Faith    .   e - +0 scale mail
rPois    ∞         Spirit   +   (no helmet)
rElec    .         Reflect  .   (no cloak)
rCorr    .         Harm     .   (no gloves)
MR       .....                  (no boots)
Stlth    +.........             c - amulet of guardian spirit
HPRegen  0.00/turn              (no ring)
MPRegen  0.10/turn              (no ring)

@: very slightly contaminated, rotting
A: rotting body, claws 1, carnivore, cold resistance 1, negative energy
resistance 3, inhibited regeneration, torment resistance, unbreathing
a: no special abilities


You were on level 3 of the Dungeon.
You were not hungry.

You visited 1 branch of the dungeon, and saw 3 of its levels.

You collected 142 gold pieces.

Inventory:

Hand Weapons
 a - a +1 dagger (weapon)
Armour
 b - a +0 robe
 e - a +0 scale mail (worn)
Jewellery
 c - an amulet of guardian spirit (around neck)
Scrolls
 h - a scroll of noise {unknown}
 i - 2 scrolls of magic mapping {unknown}
 k - a scroll of remove curse {unknown}
Potions
 f - 2 potions of ambrosia {unknown}
 g - 2 potions of agility {unknown}
 j - 2 potions of heal wounds {unknown}
 l - a potion of curing {unknown}
 m - 2 potions of mutation {unknown}
Comestibles
 d - 4 rations
 n - 3 chunks of flesh


   Skills:
 + Level 1.9 Fighting
 * Level 2.7 Short Blades
 + Level 1.5 Armour
 + Level 2.4 Dodging
 + Level 4.0 Stealth
 - Level 1.7 Spellcasting
 - Level 2.4 Hexes


You had 4 spell levels left.
You knew the following spells:

 Your Spells              Type           Power        Failure   Level  Hunger
a - Corona                Hex            #......      52%         1    ##.....
b - Ensorcelled Hibernat  Hex/Ice        #.....       83%         2    ###....

Your spell library contained the following spells:

 Spells                   Type           Power        Failure   Level  Hunger
 Confuse                  Hex            #.......     88%         3    ####...
 Tukima's Dance           Hex            #.......     88%         3    ####...
 Dazzling Spray           Conj/Hex       #.....       97%         3    ####...


Dungeon Overview and Level Annotations

Branches:
Dungeon (3/15)

Altars:


Innate Abilities, Weirdness & Mutations

Your body is rotting away.
You thrive on raw meat.
You are immune to poison.
You have sharp fingernails.
You are carnivorous and can eat meat at any time.
Your flesh is cold resistant. (rC+)
You are immune to negative energy. (rN+++)
You do not regenerate when monsters are visible.
You are immune to unholy pain and torment.
You can survive without breathing.


Message History

The iguana is almost dead.
The iguana bites you!
You are too injured to fight recklessly!
You hit the iguana but do no damage.
The iguana is almost dead.
The iguana bites you but does no damage.
You barely miss the iguana.
The iguana is almost dead.
The iguana barely misses you.
You barely miss the iguana.
The iguana is almost dead.
The iguana bites you!
* * * LOW HITPOINT WARNING * * *
Your scale mail prevents you from hitting the iguana.
The iguana is almost dead.
The iguana bites you but does no damage.
You hit the iguana but do no damage.
The iguana is almost dead.
The iguana bites you!
You die...

#...# #...# #..>#
#...# #######
##...#
#..(.<###....#
#......g#...#
#..........#.###
....l.....##.#@#
#....S....#.%l.#
#.%......%#.#.#...#
............#...#.#
...........#...## #
......##..#. .....
...#.# .....##..#.#
.... #.## .


You could see an iguana.

Vanquished Creatures
  6 gnolls
  2 adders (D:2)
  An ooze (D:2)
  3 worms
  2 dart slugs (D:1)
  3 leopard geckos (D:1)
  6 bats
  4 giant cockroaches (D:1)
  5 goblins
  3 hobgoblins
  2 jackals (D:2)
  A quokka (D:3)
  A ball python (D:2)
  6 frilled lizards
  9 kobolds
  12 rats
66 creatures vanquished.

Notes
Turn   | Place    | Note
-------+----------+-------------------------------------------
     0 | D:1      | Borgoz the Ghoul Enchanter began the quest for the Orb.
     0 | D:1      | Reached XP level 1. HP: 14/14 MP: 2/2
    28 | D:1      | Reached skill level 1 in Short Blades
   187 | D:1      | Reached XP level 2. HP: 5/20 MP: 0/3
   695 | D:1      | Reached XP level 3. HP: 20/27 MP: 4/4
   930 | D:1      | Reached skill level 1 in Fighting
  1194 | D:1      | Learned a level 2 spell: Ensorcelled Hibernation
  1400 | D:2      | Reached skill level 1 in Armour
  1713 | D:1      | Reached XP level 4. HP: 32/35 MP: 5/5
  2471 | D:2      | Reached XP level 5. HP: 36/41 MP: 4/6
  2811 | D:3      | Reached skill level 4 in Stealth
  2957 | D:3      | Slain by an iguana

Skill      XL: |  1  2  3  4  5 |
---------------+----------------+-----
Short Blades   | 1 2 |  2.7
Dodging        | 2 |  2.4
Fighting       | 1 |  1.9
Armour         | 1 |  1.5
Stealth        | 4 |  4.0
Spellcasting   | |  1.7
Hexes          | |  2.4

Action                   |  1- 3 |  4- 6 || total
-------------------------+-------+-------++-------
Melee: Dagger            |   264 |   172 ||   436
 Cast: Ensorcelled Hiber |       |     2 ||     2
 Stab: Sleeping          |       |     1 ||     1
  Eat: Chunk             |     7 |     6 ||    13
Armor: Scale mail        |   142 |    58 ||   200
       Robe              |     7 |       ||     7
Dodge: Dodged            |   178 |    66 ||   244
